 Dungeon Crawl Stone Soup version 0.29-a0-732-g3d7fbe0af2 (webtiles) character file.

Game seed: 16750446703354533452

3745 HoaS the Markstengu (level 10, -4/53 HPs)
             Began as a Tengu Hunter on June 28, 2022.
             Was a Believer of Okawaru.
             Slain by a killer bee (7 damage)
             ... on level 9 of the Dungeon on June 29, 2022.
             The game lasted 00:14:17 (8770 turns).

HoaS the Markstengu (Tengu Hunter)                  Turns: 8770, Time: 00:14:18

Health: -4/53      AC:  6    Str: 12    XL:     10   Next: 15%
Magic:  13/13      EV: 14    Int: 10    God:    Okawaru [**....]
Gold:   155        SH:  0    Dex: 21    Spells: 9/9 levels left

rFire   . . .      SeeInvis .   a - +3 shortbow (flame)
rCold   + . .      Faith    .   (shield currently unavailable)
rNeg    . . .      Spirit   .   c - +1 leather armour
rPois   +          Reflect  .   (helmet restricted)
rElec   .          Harm     .   y - +1 cloak
rCorr   .          Rampage  .   (no gloves)
Will    .....                   (boots unavailable)
Stlth   ++........              (no amulet)
HPRegen 0.17/turn               n - ring of protection from cold
MPRegen 0.13/turn               u - ring of poison resistance

@: lethally poisoned (-4 -> -6), about to teleport, flying quickly and
evasively, quick
A: beak, talons 3, nimble flight
a: Renounce Religion, Heroism


You were on level 9 of the Dungeon.
You worshipped Okawaru.
Okawaru was pleased with you.
You visited 2 branches of the dungeon, and saw 10 of its levels.

You collected 522 gold pieces.
You spent 367 gold pieces at shops.

Inventory:

Hand Weapons
 a - a +3 shortbow of flaming (weapon)
Armour
 c - a +1 leather armour (worn)
 q - a scarf of resistance
 y - a +1 cloak (worn)
Jewellery
 n - a ring of protection from cold (left hand)
 u - a ring of poison resistance (right hand)
Wands
 b - a wand of mindburst (17)
 e - a wand of flame (3)
 h - a wand of light (15)
 m - a wand of polymorph (6)
Scrolls
 j - a scroll of silence
 l - a scroll of blinking
 s - a scroll of teleportation
 t - a scroll of magic mapping
 v - 2 scrolls of immolation
 w - a scroll of brand weapon
Potions
 d - 4 potions of attraction
 f - 2 potions of lignification
 g - 4 potions of haste {unknown}
 i - 3 potions of cancellation
 k - 3 potions of curing
 o - 2 potions of berserk rage {unknown}
 p - a potion of might
 r - 2 potions of brilliance {unknown}


   Skills:
 - Level 2.0 Fighting
 * Level 15.4 Ranged Weapons
 - Level 2.1 Dodging
 - Level 1.0 Stealth
 - Level 3.0 Invocations


You had 9 spell levels left.
You didn't know any spells.
Your spell library contained the following spells:

 Spells                   Type           Power      Damage    Failure   Level
 Magic Dart               Conj           0%         1d3       43%         1
 Necrotize                Necr           0%         1d4       43%         1
 Slow                     Hex            0%         N/A       43%         1
 Blink                    Tloc           0%         N/A       58%         2
 Sublimation of Blood     Necr           0%         N/A       58%         2
 Wereblood                Tmut           0%         N/A       58%         2
 Confusing Touch          Hex            0%         N/A       82%         3
 Lesser Beckoning         Tloc           0%         N/A       82%         3
 Mephitic Cloud           Conj/Pois/Air  0%         N/A       82%         3
 Vampiric Draining        Necr           0%         2d6       82%         3
 Corpse Rot               Necr/Pois/Air  0%         N/A       99%         4
 Dispel Undead            Necr           0%         3d6       99%         4
 Agony                    Necr           0%         N/A       100%        5
 Manifold Assault         Tloc           0%         N/A       100%        5
 Call Imp                 Summ           Unusable   N/A       N/A         2
 Death Channel            Necr           Unusable   N/A       N/A         6
 Summon Hydra             Summ           Unusable   N/A       N/A         7

Dungeon Overview and Level Annotations

Branches:
Dungeon (9/15)             Temple (1/1) D:6
   Lair: D:8-11         Orc: D:9-12

Altars:
Ashenzari
Cheibriados
Dithmenos
Elyvilon
Fedhas
Gozag
Hepliaklqana
Kikubaaqudgha
Makhleb
Nemelex Xobeh
Okawaru
Qazlal
Ru
Sif Muna
Trog
Uskayaw
Vehumet
Wu Jian
Xom
Yredelemnul
Zin
The Shining One

Shops:
D:4 !   D:6 ??((?   D:8 :


Innate Abilities, Weirdness & Mutations

You have a beak for a mouth.
You have claws for feet.
Your magical nature lets you fly swiftly and evasively.


Message History

The arrow hits the killer bee.
The arrow burns the killer bee.
The killer bee is almost dead.
You hear an angry buzzing noise.
The killer bee barely misses you.
A killer bee comes into view.
The killer bee stings you.
You are poisoned.
The killer bee poisons you! The killer bee stings you.
Fire: a) +3 shortbow (flame)
Press: ? - help, Q - select action, (/) - cycle Shift-Dir - straight line, f/p - killer bee
Aim: a killer bee (severely wounded)
You shoot an arrow.
The arrow closely misses the killer bee.
You feel sick. The killer bee barely misses you.
The killer bee closely misses you.
You reach down and open the door.
A two-headed ogre and a centaur come into view.
You feel sick.
The two-headed ogre shouts in stereo!
The centaur shouts!
The killer bee closely misses you. x2; The centaur wields a +0 shortbow.
The centaur shoots an arrow.
The arrow misses you.
The arrow hits the killer bee.
The killer bee dies!
The killer bee barely misses you.
A centaur comes into view.
You hear two shouts!
Found a fizzy brown potion.
As you read the scroll of teleportation, it crumbles to dust.
You feel strangely unstable.
You feel sick. The killer bee completely misses you.
The killer bee barely misses you.
The centaur shoots an arrow.
The arrow closely misses you.
The arrow hits the killer bee!
The killer bee closely misses you. The killer bee stings you!
* * * LOW HITPOINT WARNING * * *
The killer bee attacks as you move away!
The killer bee closely misses you.
An orc wizard and 2 orcs come into view.
You feel sick. The killer bee stings you!
You die...

###)..## #..
##...####.#
###...##.#
###....##
###...### #
#.###...##.###.
#..c###y$y.....
#cO.'y#####.#
#!..###@# #
#...# #...###
#...#.


oo# # o You could see a two-headed ogre, 2 centaurs, 2 killer bees, an orc
wizard (asleep) and 2 orcs.

Vanquished Creatures
  Maurice (D:8)
  Grinder (D:4)
  A hornet (D:7)
  Sigmund (D:4)
  2 water moccasins
  Edmund (D:4)
  An orc warrior (D:9)
  2 ice beasts
  A black bear (D:5)
  A sky beast (D:6)
  2 ogres
  4 centaurs
  A bullfrog (D:4)
  2 necrophages
  3 scorpions
  3 wights (D:8)
  4 killer bees
  3 howler monkeys
  A jelly (D:6)
  A hound (D:7)
  A gnoll shaman (D:5)
  6 orc priests
  An iguana (D:7)
  6 orc wizards
  8 gnolls
  6 adders
  A shadow imp (D:4)
  4 white imps
  An ufetubus (D:3)
  3 worms
  2 dart slugs
  29 orcs
  3 endoplasms
  3 giant cockroaches
  9 hobgoblins
  2 jackals (D:2)
  6 kobolds
  2 quokkas
  5 ball pythons
  4 bats (D:2)
  6 frilled lizards
  7 goblins
  11 rats
162 creatures vanquished.

Vanquished Creatures (others)
  A killer bee (D:9)
1 creature vanquished.

Grand Total: 163 creatures vanquished

Notes
Turn   | Place    | Note
-------+----------+-------------------------------------------
     0 | D:1      | HoaS the Tengu Hunter began the quest for the Orb.
     0 | D:1      | Reached XP level 1. HP: 12/12 MP: 2/2
     5 | D:1      | Upgraded the game from 0.29-a0-723-gce39da1c22 to
                  | 0.29-a0-732-g3d7fbe0af2
   265 | D:1      | Reached XP level 2. HP: 11/17 MP: 3/3
   401 | D:1      | Reached skill level 5 in Ranged Weapons
   842 | D:2      | Reached XP level 3. HP: 21/21 MP: 4/4
  1234 | D:2      | Reached skill level 6 in Ranged Weapons
  1287 | D:2      | Reached XP level 4. HP: 26/26 MP: 5/5
  2084 | D:3      | Found a sparkling altar of Nemelex Xobeh.
  2564 | D:3      | Noticed a golden eye
  2566 | D:3      | Found a faded altar of an unknown god.
  2569 | D:3      | Noticed a floating eye
  2572 | D:3      | Noticed a great orb of eyes
  2572 | D:3      | Noticed an eye of devastation
  2667 | D:4      | Noticed Sigmund
  2680 | D:4      | Killed Sigmund
  2681 | D:4      | Reached skill level 8 in Ranged Weapons
  2681 | D:4      | Gained mutation: Your magical nature lets you fly swiftly
                  | and evasively. [Tengu growth]
  2681 | D:4      | Reached XP level 5. HP: 8/30 MP: 6/6
  2681 | D:4      | Reached XP level 6. HP: 10/35 MP: 7/7
  3276 | D:4      | Found Minadueg's Distillery.
  3276 | D:4      | Noticed Edmund
  3284 | D:4      | Killed Edmund
  3477 | D:4      | Bought a potion of heal wounds for 50 gold pieces
  3477 | D:4      | Bought a potion of curing for 30 gold pieces
  3477 | D:4      | Bought a potion of curing for 30 gold pieces
  3477 | D:4      | Bought a potion of curing for 30 gold pieces
  3477 | D:4      | Bought a potion of curing for 30 gold pieces
  3508 | D:4      | Reached skill level 9 in Ranged Weapons
  3508 | D:4      | Reached XP level 7. HP: 35/40 MP: 8/8
  3510 | D:4      | Found a large runed translucent door.
  3510 | D:4      | Found a large runed translucent door.
  3521 | D:4      | Noticed Grinder
  3532 | D:4      | Killed Grinder
  3769 | D:4      | Found a large runed translucent door.
  3769 | D:4      | Found a large runed translucent door.
  3872 | D:4      | Reached skill level 10 in Ranged Weapons
  3876 | D:4      | Identified the +7 great sword of Royalism {holy, Dex+2}
  4175 | D:4      | Reached XP level 8. HP: 38/44 MP: 9/9
  4250 | D:5      | Entered Level 5 of the Dungeon
  4259 | D:5      | Reached skill level 11 in Ranged Weapons
  5180 | D:6      | Found Xaelleo's Weapon Shop.
  5544 | D:6      | Found Geig's Magic Scroll Emporium.
  5874 | D:6      | Bought a scroll of enchant weapon for 82 gold pieces
  5874 | D:6      | Bought a scroll of enchant weapon for 82 gold pieces
  5874 | D:6      | Bought a scroll of teleportation for 33 gold pieces
  5888 | D:6      | Reached skill level 12 in Ranged Weapons
  5968 | D:6      | Found a staircase to the Ecumenical Temple.
  5972 | Temple   | Entered the Ecumenical Temple
  6210 | Temple   | Became a worshipper of Warmaster Okawaru
  6308 | D:6      | Reached skill level 1 in Invocations
  6342 | D:6      | Found a radiant altar of Vehumet.
  6425 | D:6      | Found Xaetoafe's Magic Scroll Boutique.
  6470 | D:6      | Found a shimmering altar of Xom.
  6474 | D:6      | Found a shimmering blue altar of Sif Muna.
  6478 | D:6      | Found a stormy altar of Qazlal.
  6494 | D:6      | Reached XP level 9. HP: 45/48 MP: 11/11
  6583 | D:6      | Found an ornate altar of the Wu Jian Council.
  6583 | D:6      | Found a hide-covered altar of Uskayaw.
  6662 | D:6      | Found Cegawokk's Antique Weapon Shoppe.
  6676 | D:6      | Found Topsod's Magic Scroll Emporium.
  7029 | D:6      | Reached * piety under Okawaru
  7073 | D:7      | Reached skill level 13 in Ranged Weapons
  7161 | D:7      | Noticed a hornet
  7184 | D:7      | Killed a hornet
  7718 | D:8      | Reached skill level 14 in Ranged Weapons
  7799 | D:8      | Found Kivoqes's Book Shoppe.
  7836 | D:8      | Noticed Maurice
  7841 | D:8      | Identified the +7 falchion of Hotsoawno {antimagic,
                  | *Corrode rPois Will+ Dex+5}
  7852 | D:8      | Killed Maurice
  7852 | D:8      | Reached ** piety under Okawaru
  8036 | D:8      | Reached XP level 10. HP: 13/53 MP: 13/13
  8071 | D:8      | Reached skill level 15 in Ranged Weapons
  8768 | D:9      | Noticed a two-headed ogre
  8770 | D:9      | Slain by a killer bee

Illustrated notes

Levels and vault maps discovered:
D:1:      elethiomel_arrival_maze, layout_rooms, solitary_fountain
D:2:      layout_loops_ring, minmay_diced_spiral
D:3:      layout_basic, nemelex_diamond_rough_becter,
          hellmonk_ecumenical_altar_watching_god
D:4:      layout_cave_pools, serial_shops, shop, minmay_hollow_rounded_squares,
          uniq_sigmund, uniq_grinder, uniq_edmund
D:5:      layout_layer_cave
D:6:      layout_basic, gammafunk_temple_overflow_pools,
          grunt_temple_overflow_diamond, nicolae_vehumet_radiance,
          minmay_temple_entry_steel_oval, serial_shops, nicolae_take_the_stairs,
          shop_fountains, nicolae_shop_bloodbath_and_beyond, shop, shop,
          dreamdust_princess_bridge, minmay_bent
D:7:      layout_loops_cross
D:8:      layout_loops_cross, serial_shops, nicolae_shop_behind_doors,
          uniq_maurice
D:9:      minmay_the_grid_triangle_9x9_recursive_2
          [minmay_the_grid_triangle_9x9_prize_insulated,
          minmay_the_grid_triangle_9x9_longest,
          minmay_the_grid_triangle_9x9_empty,
          minmay_the_grid_triangle_9x9_alien], layout_loops_ring, hex_medium
Temple:   regret_index_temple_generic_petals

Skill      XL: |  1  2  3  4  5  6  7  8  9 10 |
---------------+-------------------------------+-----
Ranged Weapons | 5 6 8 9 10 12 14 15 | 15.4
Invocations    | 2 3 |  3.0
Fighting       | |  2.0
Dodging        | |  2.1
Stealth        | |  1.0

Action                   |  1- 3 |  4- 6 |  7- 9 | 10-12 || total
-------------------------+-------+-------+-------+-------++-------
Melee: Shortbow          |       |     1 |       |       ||     1
 Fire: Shortbow          |   108 |   108 |   293 |    48 ||   557
Invok: Heroism           |       |       |     1 |       ||     1
  Use: Scroll            |     2 |     9 |     7 |     1 ||    19
       Potion            |       |     2 |     6 |     1 ||     9
Armor: Leather armour    |    12 |     3 |    11 |     3 ||    29
Dodge: Dodged            |    31 |    23 |    97 |    25 ||   176

Table legend: (Time is in decaauts)
 A = Elapsed time spent in this place.
 B = Non-inter-level travel time spent in this place.
 C = Inter-level travel time spent in this place.
 D = Time resting spent in this place.
 E = Time spent auto-exploring this place.
 F = Levels seen in this place.
 G = Mean time per level.
                   A        B        C        D        E       F      G
               +--------+--------+--------+--------+--------+-----+--------+
         Total |   8412 |   8153 |    259 |   2140 |   4820 |  10 |  841.2 |
       Dungeon |   8173 |   7972 |    201 |   2140 |   4643 |   9 |  908.1 |
        Temple |    239 |    182 |     57 |      0 |    177 |   1 |  239.0 |
               +--------+--------+--------+--------+--------+-----+--------+

Top non-repeatable levels by time:
     D:5: 1503 daAuts
     D:4: 1353 daAuts
     D:2: 1080 daAuts
     D:3: 997 daAuts
     D:8: 898 daAuts
     D:6: 866 daAuts
     D:1: 813 daAuts
     D:7: 550 daAuts
  Temple: 239 daAuts
     D:9: 109 daAuts
